cohdb
Replays
Latest Replays
All Replays
Popular Replays
Top Player Replays
Match Explorer
How It Works
Community
CoH3 Stats
Reddit
Sign in to upload your games and track your stats! →
Sign in with Steam
Match 37910653
Unlisted
Match 37910653
Overview
Messages
Build Orders
End
Kettenkrad Recon Vehicle
Construct Infanterie Kompanie
Selects Mechanized Battlegroup
MG 42 Machine Gun Team
Grenadier Squad
GrW 34 Mortar Team
Construct Panzergrenadier Kompanie
Pak 40 Anti-tank Gun Team
Panzergrenadier Squad
251 Medium Carrier
Selects Raid Package
Panzergrenadier Squad
Construct Panzer Kompanie
Selects StuG Assault Group
Selects UNKNOWN (2160084)
Stoßtruppen Squad
Selects Spotting Scopes
Panzer IV Medium Tank
Panther Heavy Tank
Selects Wespe Self-propelled Artillery
Pioneer Squad
Panther Heavy Tank
Stoßtruppen Squad
Selects Zeroing Artillery Barrage
Stoßtruppen Squad
Pioneer Squad
Panther Heavy Tank
Zeroing Artillery Barrage
Pioneer Squad
Medical Station
Panther Heavy Tank
Stoßtruppen Squad
Panther Heavy Tank
Pioneer Squad
Panzer IV Medium Tank
Panther Heavy Tank
Wespe Self-propelled Artillery
Stoßtruppen Squad
Stoßtruppen Squad
hoo
DuckPuncher
PHAILBUTLER
Dinglebop
MR.Elpőehant
개못하는데 어쩌라고 ㅋㅋ
villamillos777
[GG]Quiq
0
0
Comments
sign in to comment!
No comments posted yet!